 Dungeon Crawl Stone Soup version 0.29-a0-338-g1ff7896281 (webtiles) character file.

Game seed: 13674255362978298466

6655 garrulousMonolith the Ducker (level 11, -13/83 HPs)
             Began as a Gnoll Arcane Marksman on Apr 18, 2022.
             Was a Believer of Nemelex Xobeh.
             Mangled by Erica
             ... wielding a +0 scimitar of flaming
              (23 damage)
             ... on level 9 of the Dungeon.
             The game lasted 00:24:04 (11723 turns).

garrulousMonolith the Ducker (GnAM)                Turns: 11723, Time: 00:24:04

Health: -13/83     AC: 19    Str: 12    XL:     11   Next: 3%
Magic:  6/6        EV: 14    Int: 24    God:    Nemelex Xobeh [**....]
Gold:   563        SH:  6    Dex: 13    Spells: 6/23 levels left

rFire   + . .      SeeInvis .   k - +10 spear of a Hundred Wishes {antimagic, rN+}
rCold   + . .      Faith    .   F - +1 buckler
rNeg    + . .      Spirit   .   A - +3 leather armour {rC+}
rPois   +          Reflect  .   E - +1 helmet "Ufoavitt" {rPois rF+ Int+4}
rElec   .          Harm     .   (no cloak)
rCorr   +          Rampage  .   (no gloves)
Will    .....                   i - +1 pair of boots of Disappointment {rCorr}
Stlth   +++.......              (no amulet)
HPRegen 0.23/turn               s - +6 ring of intelligence
MPRegen 0.10/turn               B - ring of the Tortoise {AC+8}

@: no status effects
A: fangs 1, strong nose, distributed training
a: Renounce Religion, Draw Escape, Draw Destruction, Draw Summoning


You were on level 9 of the Dungeon.
You worshipped Nemelex Xobeh.
Nemelex Xobeh was pleased with you.
You visited 2 branches of the dungeon, and saw 10 of its levels.

You collected 563 gold pieces.

Inventory:

Hand Weapons
 a - a +0 hunting sling of venom
 b - a +0 dagger of venom
 j - a +3 flail of protection
 k - the +10 spear of a Hundred Wishes (weapon) {antimagic, rN+}
   (You found it on level 8 of the Dungeon)

   It reduces the magical energy of the wielder, and disrupts the spells and
   magical abilities of those it strikes.
   Natural abilities and divine invocations are not affected.
   rN:        It protects you from negative energy.
 w - a +2 hand axe of electrocution
Missiles
 f - 193 stones
 o - 13 poisoned darts
Armour
 i - the +1 pair of boots of Disappointment (worn) {rCorr}
   (You found it on level 8 of the Dungeon)

   rCorr:     It protects you from acid and corrosion.
 A - a +3 leather armour of cold resistance (worn)
 E - the +1 helmet "Ufoavitt" (worn) {rPois rF+ Int+4}
   (You found it on level 5 of the Dungeon)

   Int:       It affects your intelligence (+4).
   rF:        It protects you from fire.
   rPois:     It protects you from poison.
 F - a +1 buckler (worn)
Jewellery
 r - a ring of protection from fire
 s - a +6 ring of intelligence (left hand)
 z - a +4 ring of protection
 B - the ring of the Tortoise (right hand) {AC+8}
   (You found it on level 7 of the Dungeon)

   [ring of protection]

   AC:        It affects your AC (+8).
Wands
 g - a wand of flame (69)
 q - a wand of iceblast (8)
 v - a wand of acid (11)
Scrolls
 c - 3 scrolls of vulnerability
 d - 2 scrolls of enchant weapon
 e - 3 scrolls of amnesia
 n - a scroll of blinking
 p - 6 scrolls of teleportation
 x - 3 scrolls of fear
Potions
 h - 2 potions of attraction
 l - 4 potions of flight
 m - 3 potions of haste
 t - a potion of magic
 C - 2 potions of might


   Skills:
 + Level 6.4 Fighting
 + Level 5.8 Short Blades
 + Level 5.8 Long Blades
 + Level 5.8 Axes
 + Level 5.8 Maces & Flails
 + Level 5.8 Polearms
 + Level 5.8 Staves
 + Level 7.5 Slings
 + Level 5.8 Bows
 + Level 5.8 Crossbows
 + Level 5.8 Throwing
 + Level 5.8 Armour
 + Level 7.5 Dodging
 + Level 5.8 Stealth
 + Level 5.8 Shields
 + Level 5.8 Unarmed Combat
 + Level 6.5 Spellcasting
 + Level 4.8 Conjurations
 + Level 7.4 Hexes
 + Level 4.8 Summonings
 + Level 4.8 Necromancy
 + Level 4.8 Translocations
 + Level 4.8 Transmutations
 + Level 4.8 Fire Magic
 + Level 4.8 Ice Magic
 + Level 4.8 Air Magic
 + Level 4.8 Earth Magic
 + Level 4.8 Poison Magic
 + Level 6.4 Invocations
 + Level 5.8 Evocations


You had 6 spell levels left.
You knew the following spells:

 Your Spells              Type           Power      Damage    Failure   Level
a - Slow                  Hex            100%       N/A       1%          1
b - Tukima's Dance        Hex            43%        N/A       1%          3
c - Portal Projectile     Hex/Tloc       74%        N/A       3%          3
d - Poisonous Vapours     Pois/Air       62%        N/A       2%          2
e - Stone Arrow           Conj/Erth      62%        3d10      4%          3
f - Passwall              Tmut/Erth      25%        N/A       2%          2
g - Frozen Ramparts       Ice            62%        1d8       4%          3

Your spell library contained the following spells:

 Spells                   Type           Power      Damage    Failure   Level
 Freeze                   Ice            100%       1d11      1%          1
 Pain                     Necr           100%       1d9       1%          1
 Sandblast                Erth           62%        2d14      1%          1
 Sting                    Tmut/Pois      100%       1d8       1%          1
 Summon Small Mammal      Summ           100%       N/A       1%          1
 Ensorcelled Hibernation  Hex/Ice        74%        N/A       1%          2
 Confusing Touch          Hex            43%        N/A       1%          3
 Dazzling Flash           Conj/Hex       74%        N/A       3%          3
 Inner Flame              Hex/Fire       37%        N/A       3%          3
 Summon Guardian Golem    Hex/Summ       37%        N/A       3%          3
 Call Canine Familiar     Summ           31%        N/A       4%          3
 Cause Fear               Hex            21%        N/A       6%          4
 Leda's Liquefaction      Hex/Erth       18%        N/A       10%         4
 Hailstorm                Conj/Ice       31%        3d8       17%         4
 Ice Form                 Ice/Tmut       31%        N/A       17%         4
 Olgreb's Toxic Radiance  Pois           31%        N/A       17%         4
 Passage of Golubria      Tloc           31%        N/A       17%         4
 Summon Ice Beast         Ice/Summ       31%        N/A       17%         4
 Yara's Violent Unravell  Hex/Tmut       18%        3d9       26%         5
 Agony                    Necr           31%        N/A       43%         5
 Blade Hands              Tmut           15%        N/A       43%         5
 Excruciating Wounds      Necr           15%        N/A       43%         5
 Enfeeble                 Hex            21%        N/A       99%         7


Dungeon Overview and Level Annotations

Branches:
Dungeon (9/15)             Temple (1/1) D:4
   Lair: D:8-11         Orc: D:9-12

Altars:
Ashenzari
Cheibriados
Dithmenos
Elyvilon
Fedhas
Gozag
Hepliaklqana
Kikubaaqudgha
Nemelex Xobeh
Okawaru
Qazlal
Ru
Sif Muna
Trog
Uskayaw
Vehumet
Xom
Yredelemnul
The Shining One

Annotations:
D:8 2 transporters, spaghetti's ghost, novice OpCj
D:9 Erica


Innate Abilities, Weirdness & Mutations

You have very sharp teeth.
Your uncanny sense of smell can sniff out nearby items.
Your experience applies equally to all skills.


Message History

A lance of force appears from out of thin air!
The lance of force hits you!
You are knocked back by the lance of force.
You collide with the killer bee!
The killer bee dies!
You puncture something! You miss something.
The killer bee stings you but does no damage.
You hear some strange, mumbled words.
A lance of force appears from out of thin air!
The lance of force hits you!!
You are knocked back by the lance of force.
You collide with the killer bee!
The killer bee is severely wounded.
* * * LOW HITPOINT WARNING * * *
The killer bee closely misses you.
You bump into the rock wall.
The killer bee completely misses you.
You hear some strange, mumbled words.
A lance of force appears from out of thin air!
The lance of force misses you.
The lance of force hits the killer bee!!
The killer bee dies!
Okay, then.
You are too confused!
Okay, then.
You hit something.
You bump into the rock wall.
Something hits you but does no damage.
You bump into the rock wall.
Something hits you!
* * * LOW HITPOINT WARNING * * *
Something burns you.
* * * LOW HITPOINT WARNING * * *
You hit something but do no damage.
You feel less confused.
You closely miss something. You bite something.
Something hits you but does no damage.
You hit something. You completely miss something. You miss something.
Your bite misses something. Something hits you!!
You die...
Your body disappears without a glow.

###############
#......@{F....# ∆
#...##########.######
#...≈. #.......<...[#
≈≈##.≈.
.............# .
≈.#y≈
..#####.###..#####
?≈≈... #.# #.......
......y #.# ##.#####
#. ##≈≈ #.# #.# #.#
#.#####


You could see a bullfrog.

Vanquished Creatures
  An ugly thing (D:7)
  Joseph (D:7)
  A hornet (D:8)
  Grinder (D:5)
  10 yaks
  5 humans (D:8)
  Eustachio (D:5)
  Menkaure (D:4)
  An acid dragon (D:7)
  A water moccasin (D:8)
  An orc warrior (D:8)
  A sky beast (D:6)
  2 black bears
  An ice beast (D:8)
  An ogre (D:5)
  2 centaurs
  Blork the orc (D:5)
  2 kobold brigands (D:7)
  2 necrophages
  4 bullfrogs
  3 scorpions
  7 wights
  A killer bee (D:9)
  3 howler monkeys (D:8)
  A lava snake (D:7)
  4 hounds
  2 orc priests
  Jessica (D:1)
  5 iguanas
  Terence (D:3)
  Ijyb (D:5)
  5 orc wizards
  Robin (D:3)
  8 adders
  3 gnolls (D:7)
  A shadow imp (D:8)
  2 white imps (D:7)
  3 worms
  16 orcs
  10 bats
  10 endoplasms
  4 giant cockroaches
  15 goblins
  6 hobgoblins
  7 jackals
  16 kobolds
  6 quokkas
  7 ball pythons
  2 frilled lizards
  3 rats (D:1)
194 creatures vanquished.

Vanquished Creatures (collateral kills)
  A wight (D:7)
  A white imp (D:7)
  An ufetubus (D:5)
  An orc (D:7)
4 creatures vanquished.

Vanquished Creatures (others)
  2 dancing weapons (D:5)
  2 killer bees (D:9)
  3 fungi (D:1)
  3 plants (D:1)
10 creatures vanquished.

Grand Total: 208 creatures vanquished

Notes
Turn   | Place    | Note
-------+----------+-------------------------------------------
     0 | D:1      | garrulousMonolith the Gnoll Arcane Marksman began the quest
                  | for the Orb.
     0 | D:1      | Reached XP level 1. HP: 17/17 MP: 4/4
   145 | D:1      | Reached XP level 2. HP: 23/23 MP: 5/5
   421 | D:1      | Found a faded altar of an unknown god.
   736 | D:1      | Reached XP level 3. HP: 20/28 MP: 7/7
  1164 | D:2      | Learned a level 3 spell: Tukima's Dance
  1250 | D:2      | Noticed Jessica
  1261 | D:1      | Killed Jessica
  1262 | D:1      | Reached skill level 1 in Short Blades
  1262 | D:1      | Reached skill level 1 in Long Blades
  1262 | D:1      | Reached skill level 1 in Axes
  1262 | D:1      | Reached skill level 1 in Maces & Flails
  1262 | D:1      | Reached skill level 1 in Polearms
  1262 | D:1      | Reached skill level 1 in Staves
  1262 | D:1      | Reached skill level 1 in Bows
  1262 | D:1      | Reached skill level 1 in Crossbows
  1262 | D:1      | Reached skill level 1 in Throwing
  1262 | D:1      | Reached skill level 1 in Armour
  1262 | D:1      | Reached skill level 1 in Stealth
  1262 | D:1      | Reached skill level 1 in Shields
  1262 | D:1      | Reached skill level 1 in Unarmed Combat
  1262 | D:1      | Reached skill level 1 in Invocations
  1262 | D:1      | Reached skill level 1 in Evocations
  1262 | D:1      | Reached XP level 4. HP: 20/34 MP: 6/8
  1695 | D:2      | Reached skill level 1 in Conjurations
  1695 | D:2      | Reached skill level 1 in Summonings
  1695 | D:2      | Reached skill level 1 in Necromancy
  1695 | D:2      | Reached skill level 1 in Translocations
  1695 | D:2      | Reached skill level 1 in Transmutations
  1695 | D:2      | Reached skill level 1 in Fire Magic
  1695 | D:2      | Reached skill level 1 in Ice Magic
  1695 | D:2      | Reached skill level 1 in Air Magic
  1695 | D:2      | Reached skill level 1 in Earth Magic
  1695 | D:2      | Reached skill level 1 in Poison Magic
  2379 | D:3      | Found a hazy altar of Hepliaklqana.
  2577 | D:3      | Reached XP level 5. HP: 33/40 MP: 9/9
  2742 | D:3      | Noticed Robin
  2776 | D:3      | Killed Robin
  2883 | D:3      | Found a sacrificial altar of Ru.
  2998 | D:3      | Noticed a black bear
  3002 | D:3      | Noticed Terence
  3009 | D:3      | Killed a black bear
  3010 | D:3      | Reached XP level 6. HP: 29/47 MP: 9/11
  3163 | D:3      | Killed Terence
  3523 | D:4      | Noticed Menkaure
  3542 | D:4      | Killed Menkaure
  3543 | D:4      | Reached skill level 5 in Slings
  3543 | D:4      | Reached skill level 5 in Dodging
  3960 | D:4      | Found a staircase to the Ecumenical Temple.
  3968 | Temple   | Entered the Ecumenical Temple
  3989 | Temple   | Reached XP level 7. HP: 8/52 MP: 10/12
  4538 | Temple   | Learned a level 3 spell: Portal Projectile
  4722 | Temple   | Became a worshipper of Nemelex Xobeh the Trickster
  5125 | D:5      | Entered Level 5 of the Dungeon
  5125 | D:5      | Noticed Blork the orc
  5150 | D:5      | Killed Blork the orc
  5606 | D:5      | Noticed Eustachio
  5648 | D:5      | Killed Eustachio
  5649 | D:5      | Reached XP level 8. HP: 13/60 MP: 5/14
  6123 | D:5      | Found a blossoming altar of Fedhas.
  6142 | D:5      | Found a shadowy altar of Dithmenos.
  6271 | D:5      | Noticed Grinder
  6305 | D:5      | Killed Grinder
  6321 | D:5      | Identified the +1 helmet "Ufoavitt" {rPois rF+ Int+4}
  6677 | D:5      | Reached * piety under Nemelex Xobeh
  6772 | D:5      | Noticed Ijyb
  6790 | D:5      | Killed Ijyb
  7030 | D:5      | Learned a level 2 spell: Poisonous Vapours
  7694 | D:6      | Reached XP level 9. HP: 57/66 MP: 16/16
  7779 | D:6      | Received a gift from Nemelex Xobeh
  8371 | D:7      | Learned a level 3 spell: Stone Arrow
  8397 | D:7      | Found the ring of the Tortoise {AC+8}
  8457 | D:7      | Reached skill level 5 in Spellcasting
  8568 | D:7      | Found a broken altar of Ashenzari.
  8836 | D:7      | Found a basalt altar of Yredelemnul.
  8849 | D:7      | Reached skill level 5 in Fighting
  8874 | D:7      | Noticed a white ugly thing
  8905 | D:7      | Killed a white ugly thing
  9039 | D:7      | HP: 2/64 [wight (2)]
  9043 | D:7      | Reached skill level 5 in Invocations
  9317 | D:7      | Noticed Joseph
  9331 | D:7      | Killed Joseph
  9455 | D:7      | Reached XP level 10. HP: 70/73 MP: 18/18
  9835 | D:7      | Identified a scroll of acquirement
  9835 | D:7      | Acquired the Reference Book on the Oath and Shape Shifting
  9840 | D:7      | Learned a level 2 spell: Passwall
  9844 | D:8      | Found a transporter.
  9844 | D:8      | Found a transporter.
  9846 | D:8      | Found a bloodstained altar of Trog.
  9848 | D:8      | Noticed spaghetti's ghost (novice OpCj)
  9856 | D:8      | Noticed a moth of wrath
  9864 | D:8      | Received a gift from Nemelex Xobeh
 10131 | D:8      | Reached skill level 5 in Short Blades
 10131 | D:8      | Reached skill level 5 in Long Blades
 10131 | D:8      | Reached skill level 5 in Axes
 10131 | D:8      | Reached skill level 5 in Maces & Flails
 10131 | D:8      | Reached skill level 5 in Polearms
 10131 | D:8      | Reached skill level 5 in Staves
 10131 | D:8      | Reached skill level 5 in Bows
 10131 | D:8      | Reached skill level 5 in Crossbows
 10131 | D:8      | Reached skill level 5 in Throwing
 10131 | D:8      | Reached skill level 5 in Armour
 10131 | D:8      | Reached skill level 5 in Stealth
 10131 | D:8      | Reached skill level 5 in Shields
 10131 | D:8      | Reached skill level 5 in Unarmed Combat
 10131 | D:8      | Reached skill level 5 in Evocations
 10166 | D:8      | Reached ** piety under Nemelex Xobeh
 10914 | D:8      | Found a shimmering blue altar of Sif Muna.
 10914 | D:8      | Found an iron altar of Okawaru.
 11041 | D:8      | Learned a level 3 spell: Frozen Ramparts
 11081 | D:8      | Identified the +1 pair of boots of Disappointment {rCorr}
 11128 | D:8      | Identified the +10 spear of a Hundred Wishes {antimagic,
                  | rN+}
 11469 | D:9      | Reached XP level 11. HP: 42/83 MP: 6/20
 11698 | D:9      | Noticed Erica
 11723 | D:9      | Mangled by Erica

Illustrated notes

Levels and vault maps discovered:
D:1:      zelgadis_glass_arrival_small, layout_loops_ring,
          shapermc_ecumenical_altar_mp_urbaneastern, minmay_misc_feat_alley,
          minivault_26
D:2:      layout_loops_cross, uniq_jessica
D:3:      layout_loops_ring, mainiacjoe_overflow_cross_hatched,
          lemuel_tele_altar, uniq_robin, uniq_terence
D:4:      layout_basic, minmay_temple_entry_water_ring, st_stairs_7,
          kennysheep_generic_room_15, uniq_menkaure
D:5:      layout_loops_ring, fedhas_altar_1, mainiacjoe_overflow_paths,
          uniq_grinder, uniq_eustachio, uniq_ijyb, uniq_blork_the_orc
D:6:      layout_rooms
D:7:      nzn_winding_woodlands_small [nzn_winding_woodlands_5x15_concentric,
          nzn_winding_woodlands_center_diamonds,
          nzn_winding_woodlands_5x15_pool], layout_basic,
          nicolae_ashenzari_skybound, general_overflow_altar,
          kennysheep_big_empty_room, uniq_joseph
D:8:      layout_basic, gammafunk_temple_overflow_elements,
          gammafunk_ghost_wrathful_warriors, minmay_ruffians
D:9:      layout_loops_ring, mainiacjoe_overflow_surrounded_room,
          erik_lair_island, serial_rivers, chequers_serial_rivers_room_a,
          chequers_serial_rivers_room_b, chequers_serial_rivers_small_b,
          chequers_serial_rivers_marsh, hangedman_decor_diamond_cutter,
          uniq_erica
Temple:   jpeg_temple_clearing

Skill      XL: |  1  2  3  4  5  6  7  8  9 10 |
---------------+-------------------------------+-----
Short Blades   | 1 2 3 4 5 |  5.8
Long Blades    | 1 2 3 4 5 |  5.8
Axes           | 1 2 3 4 5 |  5.8
Maces & Flails | 1 2 3 4 5 |  5.8
Polearms       | 1 2 3 4 5 |  5.8
Staves         | 1 2 3 4 5 |  5.8
Bows           | 1 2 3 4 5 |  5.8
Crossbows      | 1 2 3 4 5 |  5.8
Throwing       | 1 2 3 4 5 |  5.8
Armour         | 1 2 3 4 5 |  5.8
Stealth        | 1 2 3 4 5 |  5.8
Shields        | 1 2 3 4 5 |  5.8
Unarmed Combat | 1 2 3 4 5 |  5.8
Invocations    | 1 2 3 4 5 6 |  6.4
Evocations     | 1 2 3 4 5 |  5.8
Spellcasting   | 3 4 5 6 |  6.5
Conjurations   | 1 2 3 4 |  4.8
Summonings     | 1 2 3 4 |  4.8
Necromancy     | 1 2 3 4 |  4.8
Translocations | 1 2 3 4 |  4.8
Transmutations | 1 2 3 4 |  4.8
Fire Magic     | 1 2 3 4 |  4.8
Ice Magic      | 1 2 3 4 |  4.8
Air Magic      | 1 2 3 4 |  4.8
Earth Magic    | 1 2 3 4 |  4.8
Poison Magic   | 1 2 3 4 |  4.8
Fighting       | 3 4 5 6 |  6.4
Slings         | 5 6 7 |  7.5
Dodging        | 5 6 7 |  7.5
Hexes          | 6 7 |  7.4

Action                   |  1- 3 |  4- 6 |  7- 9 | 10-12 || total
-------------------------+-------+-------+-------+-------++-------
Melee: Short sword       |     8 |       |       |       ||     8
       Dagger            |    18 |    88 |   259 |    83 ||   448
       Bite              |     2 |    12 |    47 |    28 ||    89
       Flail             |       |     6 |       |       ||     6
       Punch             |       |       |     6 |       ||     6
       Hand axe          |       |       |   119 |    88 ||   207
       Spear             |       |       |       |    50 ||    50
 Fire: Hunting sling     |    83 |   164 |   113 |    48 ||   408
 Cast: Slow              |    10 |     5 |    10 |     1 ||    26
       Tukima's Dance    |       |     5 |    11 |       ||    16
       Poisonous Vapours |       |       |     4 |     3 ||     7
       Stone Arrow       |       |       |       |     1 ||     1
Invok: Draw Escape       |       |       |     1 |       ||     1
       Draw Destruction  |       |       |     1 |       ||     1
Evoke: Wand              |       |       |       |     4 ||     4
  Use: Scroll            |       |    11 |     3 |     7 ||    21
       Potion            |       |     3 |     7 |     1 ||    11
 Stab: Distracted        |       |       |     2 |       ||     2
       Sleeping          |       |       |     1 |     4 ||     5
Armor: Robe              |    18 |     6 |       |       ||    24
       Leather armour    |       |    53 |   147 |    78 ||   278
Dodge: Dodged            |    54 |   125 |   268 |   136 ||   583
Block: Buckler           |       |       |    62 |    68 ||   130

Table legend: (Time is in decaauts)
 A = Elapsed time spent in this place.
 B = Non-inter-level travel time spent in this place.
 C = Inter-level travel time spent in this place.
 D = Time resting spent in this place.
 E = Time spent auto-exploring this place.
 F = Levels seen in this place.
 G = Mean time per level.
                   A        B        C        D        E       F      G
               +--------+--------+--------+--------+--------+-----+--------+
         Total |  11706 |  11473 |    233 |   3488 |   5446 |  10 | 1170.6 |
       Dungeon |  10944 |  10720 |    224 |   3231 |   5336 |   9 | 1216.0 |
        Temple |    761 |    752 |      9 |    257 |    110 |   1 |  761.0 |
               +--------+--------+--------+--------+--------+-----+--------+

Top non-repeatable levels by time:
     D:5: 1696 daAuts
     D:7: 1672 daAuts
     D:8: 1576 daAuts
     D:1: 1382 daAuts
     D:3: 1379 daAuts
     D:6: 1079 daAuts
     D:4: 1071 daAuts
     D:2: 801 daAuts
  Temple: 761 daAuts
     D:9: 285 daAuts
